cohdb
Replays
Latest Replays
All Replays
Popular Replays
Top Player Replays
Match Explorer
How It Works
Community
CoH3 Stats
Reddit
Sign in to upload your games and track your stats! →
Sign in with Steam
Match 42594723
Unlisted
Match 42594723
Overview
Messages
Build Orders
End
Construct Barracks
Riflemen Squad
Selects Advanced Infantry Battlegroup
Riflemen Squad
M1 Mortar Team
Infantry Support Center
Construct Medical Station
Riflemen Squad
Selects Artillery Observers
M1918 Browning Automatic Rifles
Selects Convert to Ranger Squad
Grenade Package
Ranger Squad
Advanced Logistics
Engineer Squad
Survival Training
Construct Tank Depot
Selects M2A1 105mm Howitzer Emplacement
Selects 155mm Rapid Artillery Barrage
.30 cal Machine Gun
M4(105) Sherman Bulldozer
pagep
Spartacus
Dragoness
peace
0
0
Comments
sign in to comment!
No comments posted yet!